 Dungeon Crawl Stone Soup version 0.27-a0-1317-gd1140b374c (webtiles) character file.

Game seed: 12885177486278231634

129 Jawa73 the Ogre Mage (level 5, -4/49 HPs)
             Began as an Ogre Fire Elementalist on June 21, 2021.
             Slain by a gnoll (5 damage)
             ... on level 2 of the Dungeon.
             The game lasted 00:08:12 (2275 turns).

Jawa73 the Ogre Mage (Ogre Fire Elementalist)       Turns: 2275, Time: 00:08:13

Health: -4/49      AC:  3    Str: 12    XL:     5   Next: 12%
Magic:  3/10       EV: 10    Int: 17    God:
Gold:   81         SH:  0    Dex:  9    Spells: 6/10 levels left

rFire    . . .     SeeInvis .   g - +0 giant spiked club
rCold    . . .     Faith    .   (shield currently unavailable)
rNeg     . . .     Spirit   .   a - +0 robe
rPois    .         Reflect  .   (helmet restricted)
rElec    .         Harm     .   (no cloak)
rCorr    .         Rampage  .   (gloves unavailable)
Will     .....                  (boots unavailable)
Stlth    +.........             (no amulet)
HPRegen  0.16/turn              (no ring)
MPRegen  0.12/turn              (no ring)

@: no status effects
A: large, unfitting armour, tough skin 1
a: no special abilities


You were on level 2 of the Dungeon.
You visited 1 branch of the dungeon, and saw 2 of its levels.

You collected 81 gold pieces.

Inventory:

Hand Weapons
 g - a +0 giant spiked club (weapon)
Missiles
 d - a throwing net
Armour
 a - a +0 robe (worn)
Scrolls
 b - a scroll of identify
 f - a scroll of holy word
Potions
 c - 2 potions of lignification {unknown}
 e - a potion of curing


   Skills:
 * Level 2.0 Fighting
 * Level 0.9 Maces & Flails
 * Level 2.2 Dodging
 - Level 1.4 Stealth
 * Level 3.4 Spellcasting
 * Level 2.0 Conjurations
 * Level 3.4 Fire Magic


You had 6 spell levels left.
You knew the following spells:

 Your Spells              Type           Power      Damage    Failure   Level
a - Foxfire               Conj/Fire      48%        2x1d6     5%          1
b - Inner Flame           Hex/Fire       8%         N/A       26%         3

Your spell library contained the following spells:

 Spells                   Type           Power      Damage    Failure   Level
 Animate Skeleton         Necr           4%         N/A       17%         1
 Apportation              Tloc           4%         N/A       17%         1
 Corona                   Hex            2%         N/A       17%         1
 Summon Small Mammal      Summ           8%         N/A       17%         1
 Conjure Flame            Conj/Fire      12%        6-21      17%         3
 Sticky Flame             Conj/Fire      12%        2d4       50%         4
 Fireball                 Conj/Fire      6%         3d5       83%         5


Dungeon Overview and Level Annotations

Branches:
Dungeon (2/15)

Altars:


Innate Abilities, Weirdness & Mutations

You are too large for most types of armour.
You have tough skin. (AC +1)


Message History

The gnoll hits you from afar with a +0 spear. x2
The gnoll hits you but does no damage.
The gnoll hits you from afar with a +0 spear.
* * * LOW HITPOINT WARNING * * *
Your Fighting skill increases to level 2!
Your Conjurations skill increases to level 2!
Okay, then.
The gnoll closely misses you. The gnoll misses you.
Your magical contamination has completely faded away.
Things that are here:
a +0 flail; a gnoll corpse
Casting: Foxfire (safe; 5% risk of failure)
Confirm with . or Enter, or press ? or * to list all spells.
Okay, then.
There is an open door here.
Casting: Foxfire (safe; 5% risk of failure)
Press: ? - help, Q - select action, (/) - cycle Dir - look around, f - activate You conjure some foxfire!
The gnoll hits you from afar with a +0 spear.
* * * LOW HITPOINT WARNING * * *
The foxfire hits the gnoll.
The gnoll is moderately wounded.
The foxfire hits the gnoll but does no damage.
The gnoll is moderately wounded.
Casting: Foxfire (safe; 5% risk of failure)
Press: ? - help, Q - select action, (/) - cycle Dir - look around, f - activate You conjure some foxfire!
The gnoll hits you from afar with a +0 spear.
* * * LOW HITPOINT WARNING * * *
The foxfire hits the gnoll.
The gnoll is moderately wounded.
The foxfire hits the gnoll.
The gnoll is heavily wounded.
Casting: Foxfire (safe; 5% risk of failure)
Press: ? - help, Q - select action, (/) - cycle Dir - look around, f - activate You conjure some foxfire!
The gnoll hits you from afar with a +0 spear.
* * * LOW HITPOINT WARNING * * *
The gnoll hits you from afar with a +0 spear.
You die...

#....#.# .#
#.#.[#.#.....#
#.#..#.#.....####
#.#..#.# #......#
#.##>#'###......#
##+####.......##......#
...)........gg##......#
.....###...§v.##......#
....
+.'....@.##......#######
...
###...v.................
..
#....>.....########### .
##.........# #.........#
#.........# #.........#
#.........##########
#..................#


You could see 2 gnolls.

Vanquished Creatures
  An ogre (D:2)
  2 gnolls (D:2)
  2 bats (D:1)
  3 endoplasms
  3 goblins (D:1)
  3 hobgoblins (D:1)
  2 jackals (D:1)
  2 quokkas (D:1)
  3 ball pythons (D:1)
  2 frilled lizards (D:1)
  A kobold (D:1)
24 creatures vanquished.

Vanquished Creatures (others)
  72 foxfires
72 creatures vanquished.

Grand Total: 96 creatures vanquished

Notes
Turn   | Place    | Note
-------+----------+-------------------------------------------
     0 | D:1      | Jawa73 the Ogre Fire Elementalist began the quest for the
                  | Orb.
     0 | D:1      | Reached XP level 1. HP: 16/16 MP: 3/3
   239 | D:1      | Reached skill level 1 in Conjurations
   308 | D:1      | Reached XP level 2. HP: 24/26 MP: 2/5
   816 | D:1      | Reached skill level 1 in Fighting
  1733 | D:1      | Reached XP level 3. HP: 33/33 MP: 5/7
  1742 | D:1      | Learned a level 3 spell: Inner Flame
  1863 | D:2      | Noticed an ogre
  1886 | D:2      | Killed an ogre
  1887 | D:2      | Reached XP level 4. HP: 10/42 MP: 0/9
  2258 | D:2      | Reached XP level 5. HP: 37/49 MP: 4/10
  2275 | D:2      | HP: 1/49 [gnoll (4)]
  2275 | D:2      | Slain by a gnoll

Illustrated notes

Levels and vault maps discovered:
D:1:      lightli_arrival_statue_moat, layout_loops_ring,
          serial_co_window_serial, co_window_corner_a, co_window_corner_a,
          co_window_corner_a, co_window_of_opportunity_a, co_window_corner_a,
          co_window_corner_ca, co_window_corner_cb, co_window_unsneaky_path_e,
          co_window_sun, co_window_paths_d, glass_columns_c, glass_columns_a
D:2:      layout_basic

Skill      XL: |  1  2  3  4  5 |
---------------+----------------+-----
Conjurations   | 1 2 |  2.0
Dodging        | 2 |  2.2
Fighting       | 1 2 |  2.0
Fire Magic     | 3 |  3.4
Spellcasting   | 3 |  3.4
Maces & Flails | |  0.9
Stealth        | |  1.4

Action                   |  1- 3 |  4- 6 || total
-------------------------+-------+-------++-------
Melee: Unarmed           |    26 |       ||    26
       Club              |    11 |       ||    11
       Giant spiked club |       |     2 ||     2
 Cast: Foxfire           |    41 |    11 ||    52
  Use: Scroll            |     2 |       ||     2
Armor: Robe              |    14 |     2 ||    16
Dodge: Dodged            |    33 |     5 ||    38

Table legend: (Time is in decaauts)
 A = Elapsed time spent in this place.
 B = Non-inter-level travel time spent in this place.
 C = Inter-level travel time spent in this place.
 D = Time resting spent in this place.
 E = Time spent auto-exploring this place.
 F = Levels seen in this place.
 G = Mean time per level.
                   A        B        C        D        E       F      G
               +--------+--------+--------+--------+--------+-----+--------+
         Total |   2278 |   2078 |    200 |    456 |   1055 |   2 | 1139.0 |
       Dungeon |   2278 |   2078 |    200 |    456 |   1055 |   2 | 1139.0 |
               +--------+--------+--------+--------+--------+-----+--------+

Top non-repeatable levels by time:
     D:1: 1810 daAuts
     D:2: 468 daAuts
